 Dungeon Crawl Stone Soup version 0.31-a0-609-g7bf6ffcfed (webtiles) character file.

Game seed: 16265494492398506692

140 Hubris850 the Ruffian (level 5, -2/40 HPs)
             Began as a Gnoll Shapeshifter on Aug 21, 2023.
             Was an Initiate of Elyvilon.
             Killed from afar by Ijyb (20 damage)
             ... with a bolt of light
             ... on level 3 of the Dungeon.
             The game lasted 00:06:22 (3014 turns).

Hubris850 the Ruffian (Gnoll Shapeshifter)          Turns: 3014, Time: 00:06:22

Health: -2/40      AC:  3    Str: 14    XL:     5   Next: 23%
Magic:  7/7        EV: 13    Int:  9    God:    Elyvilon [......]
Gold:   209        SH:  4    Dex: 13    Spells: 6/6 levels left

rFire   . . .        f - +2 whip (venom)
rCold   . . .        l - +0 buckler
rNeg    . . .        a - +1 animal skin
rPois   .            (helmet currently unavailable)
rElec   .            (cloak currently unavailable)
rCorr   .            (gloves currently unavailable)
SInv    .            (boots currently unavailable)
Will    .....        (no amulet)
Stlth   ++           e - ring of flight
HPRegen 0.26/turn    (no ring)
MPRegen 0.10/turn

%: no passive effects
@: beast-form, flying
A: beast (slay +4), fangs 1, strong nose, distributed training
a: Begin Untransformation, Renounce Religion


You were on level 3 of the Dungeon.
You worshipped Elyvilon.
Elyvilon was noncommittal.
You were a hulking beast.
You visited 1 branch of the dungeon, and saw 3 of its levels.

You collected 209 gold pieces.

Inventory:

Hand Weapons
 f - a +2 whip of venom (weapon)
Missiles
 p - 4 poisoned darts
Armour
 a - a +1 animal skin (worn)
 l - a +0 buckler (worn)
Jewellery
 e - a ring of flight (left hand)
Talismans
 c - a beast talisman (active)
 d - a flux talisman
Wands
 k - a wand of light (5)
Scrolls
 b - a scroll of amnesia
 i - a scroll of enchant armour
 o - a scroll of revelation
Potions
 g - a potion of mutation
 h - 2 potions of heal wounds
 j - a potion of haste
 m - a potion of lignification
 n - a potion of cancellation


   Skills:
 + Level 2.9 Fighting
 + Level 1.4 Short Blades
 + Level 1.4 Long Blades
 + Level 1.4 Axes
 + Level 1.4 Maces & Flails
 + Level 1.4 Polearms
 + Level 1.4 Staves
 + Level 1.4 Ranged Weapons
 + Level 1.4 Throwing
 + Level 1.4 Armour
 + Level 4.7 Dodging
 + Level 1.4 Stealth
 + Level 1.4 Shields
 + Level 6.7 Unarmed Combat
 + Level 1.4 Spellcasting
 + Level 1.1 Conjurations
 + Level 1.1 Hexes
 + Level 1.1 Summonings
 + Level 1.1 Necromancy
 + Level 1.1 Translocations
 + Level 1.1 Transmutations
 + Level 1.1 Fire Magic
 + Level 1.1 Ice Magic
 + Level 1.1 Air Magic
 + Level 1.1 Earth Magic
 + Level 1.1 Poison Magic
 + Level 1.6 Invocations
 + Level 1.4 Evocations
 + Level 6.6 Shapeshifting


You had 6 spell levels left.
You didn't know any spells.
Your spell library contained the following spells:

 Spells                   Type           Power      Damage    Failure   Level
 Sublimation of Blood     Necr           2%         N/A       41%         2
 Wereblood                Tmut           2%         N/A       41%         2
 Summon Hydra             Summ           1%         N/A       100%        7


Dungeon Overview and Level Annotations

Branches:
Dungeon (3/15)

Altars:
Dithmenos
Elyvilon
Gozag
Nemelex Xobeh
Ru
Sif Muna
Wu Jian
Yredelemnul

Shops:
D:1 *

Annotations:
D:3 Ijyb, Sigmund


Innate Abilities, Weirdness & Mutations

You are a hulking beast.
Your limbs bulge with bestial killing power. (Slay +4)
You have very sharp teeth.
Your uncanny sense of smell can sniff out nearby items.
Your experience applies equally to all skills.


Message History

There is an open door here.
Ijyb and a rat come into view.
Ijyb is wielding a +0 club and carrying a wand of light.
Found an escape hatch in the ceiling.
Found a stone staircase leading down.
You start waiting.
Done waiting.
You start waiting.
A kobold comes into view. It is wielding a +2 mace of protection.
Sigmund the Dreaded comes into view.
He is wielding a +0 scythe.
Found a clear potion.
Ijyb shouts!
The kobold shouts!
There are monsters nearby!
You hit the kobold.
You kill the kobold!
Ijyb screams, "Level is mine!
All mine!"
Ijyb zaps a wand.
The bolt of light hits you!
A hobgoblin comes into view.
Things that are here:
a +2 mace of protection; 26 gold pieces; a kobold corpse Sigmund shouts!
The hobgoblin shouts!
Ijyb hits you with a +0 club.
You hit Ijyb but do no damage.
Ijyb is poisoned.
Ijyb screams, "Me stronger than you!" You block Ijyb's attack.
A giant cockroach comes into view.
You hit Ijyb.
Ijyb is lightly wounded.
Ijyb closely misses you.
You barely miss Ijyb.
Ijyb is lightly wounded.
You block Ijyb's attack. Ijyb hits you with a +0 club.
You barely miss Ijyb.
Ijyb is lightly wounded.
Ijyb barely misses you. The hobgoblin closely misses you.
Sigmund hits you from afar with a +0 scythe.
You hit Ijyb.
Ijyb looks even sicker.
Ijyb is lightly wounded.
Ijyb zaps a wand.
The bolt of light hits you!!
Ouch! That really hurt!
You die...

##...#####.......
##########...#'#.###......
..≈≈≈...##..###._.# #.....
#######......#'#.###......
# ####....#####....#.# ###
##....###......_. ..#
##....#......#. ..#
##..)..#..... ..####
####h.....# #....####
#....rgg.....# #........
#......B@.....
#...####................
'.#......#..............
#........##.....<......!
#.#.##..............>...
#.......................
...........


You could see Sigmund, Ijyb (very poisoned), a giant cockroach, a hobgoblin and
a rat.

Vanquished Creatures
  Terence (D:3)
  4 adders
  A gnoll (D:1)
  A white imp (D:3)
  An ufetubus (D:3)
  A worm (D:2)
  A dart slug (D:1)
  5 orcs (D:3)
  4 ball pythons
  4 endoplasms
  2 giant cockroaches (D:1)
  3 hobgoblins
  2 quokkas (D:2)
  4 bats
  4 frilled lizards
  2 goblins
  9 kobolds
  A rat (D:3)
50 creatures vanquished.

Notes
Turn   | Place    | Note
-------+----------+-------------------------------------------
     0 | D:1      | Hubris850 the Gnoll Shapeshifter began the quest for the
                  | Orb.
     0 | D:1      | Reached XP level 1. HP: 17/17 MP: 1/1
    17 | D:1      | Found Iphothox's Assorted Antiques.
    30 | D:1      | Reached XP level 2. HP: 12/23 MP: 2/2
   988 | D:1      | Reached XP level 3. HP: 28/28 MP: 3/3
  1411 | D:2      | Reached skill level 1 in Invocations
  1534 | D:2      | Found a faded altar of an unknown god.
  1760 | D:2      | Reached skill level 1 in Short Blades
  1760 | D:2      | Reached skill level 1 in Long Blades
  1760 | D:2      | Reached skill level 1 in Axes
  1760 | D:2      | Reached skill level 1 in Maces & Flails
  1760 | D:2      | Reached skill level 1 in Polearms
  1760 | D:2      | Reached skill level 1 in Staves
  1760 | D:2      | Reached skill level 1 in Ranged Weapons
  1760 | D:2      | Reached skill level 1 in Throwing
  1760 | D:2      | Reached skill level 1 in Armour
  1760 | D:2      | Reached skill level 1 in Stealth
  1760 | D:2      | Reached skill level 1 in Shields
  1760 | D:2      | Reached skill level 1 in Spellcasting
  1760 | D:2      | Reached skill level 1 in Evocations
  2283 | D:3      | Reached XP level 4. HP: 30/34 MP: 5/5
  2417 | D:3      | Found an ornate altar of the Wu Jian Council.
  2435 | D:3      | Noticed Terence
  2457 | D:3      | Killed Terence
  2458 | D:3      | Reached skill level 1 in Conjurations
  2458 | D:3      | Reached skill level 1 in Hexes
  2458 | D:3      | Reached skill level 1 in Summonings
  2458 | D:3      | Reached skill level 1 in Necromancy
  2458 | D:3      | Reached skill level 1 in Translocations
  2458 | D:3      | Reached skill level 1 in Transmutations
  2458 | D:3      | Reached skill level 1 in Fire Magic
  2458 | D:3      | Reached skill level 1 in Ice Magic
  2458 | D:3      | Reached skill level 1 in Air Magic
  2458 | D:3      | Reached skill level 1 in Earth Magic
  2458 | D:3      | Reached skill level 1 in Poison Magic
  2537 | D:3      | Reached XP level 5. HP: 19/40 MP: 6/6
  2645 | D:3      | Found a shimmering blue altar of Sif Muna.
  2671 | D:3      | Found a sacrificial altar of Ru.
  2671 | D:3      | Found a white marble altar of Elyvilon.
  2673 | D:3      | Found an opulent altar of Gozag.
  2673 | D:3      | Found a shadowy altar of Dithmenos.
  2679 | D:3      | Became a worshipper of Elyvilon the Healer
  2851 | D:3      | Found a basalt altar of Yredelemnul.
  2867 | D:3      | Found a sparkling altar of Nemelex Xobeh.
  2879 | D:3      | Noticed Ijyb
  3003 | D:3      | Noticed Sigmund
  3014 | D:3      | Killed from afar by Ijyb

Illustrated notes

Levels and vault maps discovered:
D:1:      mrwooster_arrival_arrow, layout_basic, serial_forest,
          infiniplex_forest_end_3, infiniplex_forest_diagonal,
          infiniplex_forest_clump_curved, infiniplex_forest_clump_long,
          infiniplex_forest_lined_ring, serial_shops, nicolae_shop_crystal,
          hex_tiny, minmay_misc_feat_rows
D:2:      layout_basic, shapermc_ecumenical_altar_acropolis
D:3:      layout_rooms, lemuel_doored_altar, lemuel_crystal_altar,
          mainiacjoe_overflow_concentric_impassable,
          chequers_temple_overflow_statue_of_worship,
          nemelex_diamond_rough_becter, corexii_corridor_pit, uniq_terence,
          uniq_crazy_yiuf_cottage, uniq_sigmund, uniq_ijyb

Skill      XL: |  1  2  3  4 |
---------------+-------------+-----
Invocations    | 1 |  1.6
Short Blades   | 1 |  1.4
Long Blades    | 1 |  1.4
Axes           | 1 |  1.4
Maces & Flails | 1 |  1.4
Polearms       | 1 |  1.4
Staves         | 1 |  1.4
Ranged Weapons | 1 |  1.4
Throwing       | 1 |  1.4
Armour         | 1 |  1.4
Stealth        | 1 |  1.4
Shields        | 1 |  1.4
Spellcasting   | 1 |  1.4
Evocations     | 1 |  1.4
Conjurations   | 1 |  1.1
Hexes          | 1 |  1.1
Summonings     | 1 |  1.1
Necromancy     | 1 |  1.1
Translocations | 1 |  1.1
Transmutations | 1 |  1.1
Fire Magic     | 1 |  1.1
Ice Magic      | 1 |  1.1
Air Magic      | 1 |  1.1
Earth Magic    | 1 |  1.1
Poison Magic   | 1 |  1.1
Fighting       | |  2.9
Dodging        | |  4.7
Unarmed Combat | |  6.7
Shapeshifting  | |  6.6

Action                     |  1- 3 |  4- 6 || total
---------------------------+-------+-------++-------
  Melee: Unarmed           |    15 |       ||    15
         Whip              |    97 |    50 ||   147
         Bite              |    16 |     2 ||    18
         Punch             |     5 |       ||     5
Ability: Begin Untransform |     2 |       ||     2
    Use: Potion            |     1 |     1 ||     2
         Scroll            |     8 |     1 ||     9
   Stab: Sleeping          |     2 |       ||     2
 Armour: Skin              |     1 |       ||     1
         Animal skin       |    19 |     5 ||    24
  Dodge: Dodged            |    71 |    36 ||   107
  Block: Buckler           |     6 |    14 ||    20
   Form: Beast             |     1 |       ||     1
         Flux              |     1 |       ||     1

Table legend: (Time is in decaauts)
 A = Elapsed time spent in this place.
 B = Non-inter-level travel time spent in this place.
 C = Inter-level travel time spent in this place.
 D = Time resting spent in this place.
 E = Time spent auto-exploring this place.
 F = Levels seen in this place.
 G = Mean time per level.
                   A        B        C        D        E       F      G
               +--------+--------+--------+--------+--------+-----+--------+
         Total |   3022 |   2964 |     58 |    528 |   2003 |   3 | 1007.3 |
       Dungeon |   3022 |   2964 |     58 |    528 |   2003 |   3 | 1007.3 |
               +--------+--------+--------+--------+--------+-----+--------+

Top non-repeatable levels by time:
     D:1: 1269 daAuts
     D:2: 1015 daAuts
     D:3: 738 daAuts
